| TOP OF THE 1ST |
|
Chester Pirates batting - Pitching for London Majors : RHP Philip Sonnichsen
|
|
Pitching: RHP Philip Sonnichsen
|
|
|
Batting: RHB Terrence Wilson
|
0-0: Foul Ball, location: 2F 0-1: Ball 1-1: Called Strike 1-2: Ball 2-2: SINGLE (Line Drive, 8LS, EV 104.4 MPH)
|
|
Batting: RHB Tim Moore
|
0-0: Called Strike 0-1: Ball 1-1: Swinging Strike 1-2: Strikes out swinging
|
|
Batting: RHB Brandon White
|
0-0: Ball 1-0: Fly out, F7 (Flyball, 7LD, EV 102.5 MPH)
|
|
Batting: LHB Carlos Vega
|
0-0: Ball 1-0: Called Strike 1-1: Ball 2-1: Foul Ball, location: 2F 2-2: Foul Ball, location: 2F 2-2: Fly out, F8 (Line Drive, 8LM, EV 92.5 MPH)
|
| Top of the 1st over - 0 runs, 1 hit, 0 errors, 1 left on base; Chester 0 - London 0 |
| BOTTOM OF THE 1ST |
|
London Majors batting - Pitching for Chester Pirates : RHP Eric Bourque
|
|
Pitching: RHP Eric Bourque
|
|
|
Batting: RHB Brock Van Gilder
|
0-0: Called Strike 0-1: Fly out, F2 (Popup, 3SF, EV 86.9 MPH)
|
|
Batting: RHB Chris Martin
|
0-0: SINGLE (Flyball, 34D, EV 90.6 MPH)
|
|
Batting: LHB Kurt Estep
|
0-0: Ball Chris Martin steals 2nd base 1-0: Ball 2-0: Foul Ball, location: 2F 2-1: Fly out, F7 (Flyball, 7S, EV 85.0 MPH)
|
|
Batting: RHB Frank Caulfield
|
0-0: DOUBLE (Line Drive, 89M, EV 92.5 MPH) Chris Martin scores
|
|
Batting: RHB Luis Gomez
|
0-0: Foul Ball, location: 2F 0-1: Ball 1-1: 2-RUN HOME RUN (Line Drive, 7LD, EV 95.0 MPH), Distance : 345 ft
|
|
Batting: RHB Bill Murray
|
0-0: Called Strike 0-1: Called Strike 0-2: Strikes out swinging
|
| Bottom of the 1st over - 3 runs, 3 hits, 0 errors, 0 left on base; Chester 0 - London 3 |
| TOP OF THE 2ND |
|
Chester Pirates batting - Pitching for London Majors : RHP Philip Sonnichsen
|
|
Batting: RHB Zach Chmieleski
|
0-0: Ball 1-0: Ball 2-0: Ball 3-0: Base on Balls
|
|
Batting: SHB Don Hauk
|
0-0: Ball 1-0: Ball 2-0: SINGLE (Line Drive, 89M, EV 107.5 MPH) Zach Chmieleski to second
|
|
Batting: RHB Frank Elizondo
|
0-0: Swinging Strike 0-1: Foul Ball, location: 2F 0-2: Ball 1-2: Ball 2-2: Ball 3-2: Foul Ball, location: 2F 3-2: Strikes out swinging
|
|
Batting: RHB Erik Mulligan
|
0-0: Called Strike 0-1: Foul Ball, location: 2F 0-2: Strikes out swinging
|
|
Batting: LHB Chad Cutler
|
0-0: Ball 1-0: SINGLE (Flyball, 4MD, EV 85.0 MPH) Zach Chmieleski to third Don Hauk to second Runner from 3rd tries for Home, SAFE, throw by CF to home
|
|
Batting: RHB Terrence Wilson
|
0-0: Fly out, F9 (Flyball, 9LD, EV 86.2 MPH)
|
| Top of the 2nd over - 1 run, 2 hits, 0 errors, 2 left on base; Chester 1 - London 3 |
| BOTTOM OF THE 2ND |
|
London Majors batting - Pitching for Chester Pirates : RHP Eric Bourque
|
|
Batting: RHB Bobby Lasaguna
|
0-0: Ball 1-0: Ball 2-0: Foul Ball, location: 2F 2-1: Swinging Strike 2-2: Foul Ball, location: 2F 2-2: Ball 3-2: Base on Balls
|
|
Batting: RHB Terry Plumley
|
0-0: Ball 1-0: Grounds into double play, 5-4-3 (Groundball, 56, EV 87.5 MPH)
|
|
Batting: RHB Bobby Roldan
|
0-0: Ball 1-0: Ground out 4-3 (Groundball, 4, EV 98.1 MPH)
|
| Bottom of the 2nd over - 0 runs, 0 hits, 0 errors, 0 left on base; Chester 1 - London 3 |
| TOP OF THE 3RD |
|
Chester Pirates batting - Pitching for London Majors : RHP Philip Sonnichsen
|
|
Batting: RHB Tim Moore
|
0-0: Ball 1-0: Ball 2-0: Ground out 6-3 (Groundball, 6M, EV 84.4 MPH)
|
|
Batting: RHB Brandon White
|
0-0: Ball 1-0: Ball 2-0: Called Strike 2-1: Ball 3-1: Foul Ball, location: 2F 3-2: Base on Balls
|
|
Batting: LHB Carlos Vega
|
0-0: Swinging Strike 0-1: Ball 1-1: Called Strike 1-2: Foul Ball, location: 2F 1-2: Strikes out looking
|
|
Batting: RHB Zach Chmieleski
|
0-0: Swinging Strike 0-1: Swinging Strike 0-2: Ball 1-2: Ball 2-2: Foul Ball, location: 2F 2-2: Ball 3-2: SINGLE (Flyball, 6D, EV 91.2 MPH) Brandon White to second Brandon White to third
|
|
Batting: SHB Don Hauk
|
0-0: Foul Ball, location: 2F 0-1: Ball 1-1: Ball 2-1: Ball 3-1: Called Strike 3-2: Base on Balls Zach Chmieleski to second
|
|
Batting: RHB Frank Elizondo
|
0-0: Foul Ball, location: 2F 0-1: Ball 1-1: Ball 2-1: Ball 3-1: Base on Balls Brandon White scores Zach Chmieleski to third Don Hauk to second
|
|
Batting: RHB Erik Mulligan
|
0-0: Called Strike 0-1: Ball 1-1: Ball 2-1: Foul Ball, location: 2F 2-2: Foul Ball, location: 2F 2-2: Ball 3-2: SINGLE (Flyball, 5D, EV 92.5 MPH) Zach Chmieleski scores Don Hauk to third Frank Elizondo to second Don Hauk scores Frank Elizondo to third
|
|
Batting: LHB Chad Cutler
|
0-0: Called Strike 0-1: Ball 1-1: Ball 2-1: Ball 3-1: Base on Balls Erik Mulligan to second
|
|
Batting: RHB Terrence Wilson
|
0-0: Ball 1-0: Swinging Strike 1-1: SINGLE (Line Drive, 56, EV 95.0 MPH) Frank Elizondo scores Erik Mulligan to third Chad Cutler to second Runner from 3rd tries for Home, SAFE, throw by LF to home
|
|
Pitching: LHP Bobby Enright
|
|
|
Batting: RHB Tim Moore
|
0-0: Swinging Strike 0-1: Foul Ball, location: 2F 0-2: Foul Ball, location: 2F 0-2: Ball 1-2: Fly out, F8 (Flyball, 8RXD, EV 93.1 MPH)
|
| Top of the 3rd over - 5 runs, 3 hits, 0 errors, 2 left on base; Chester 6 - London 3 |
| BOTTOM OF THE 3RD |
|
London Majors batting - Pitching for Chester Pirates : RHP Eric Bourque
|
|
Batting: RHB Brock Van Gilder
|
0-0: Foul Ball, location: 2F 0-1: Swinging Strike 0-2: Ball 1-2: Fly out, F8 (Line Drive, 8RM, EV 104.4 MPH)
|
|
Batting: RHB Chris Martin
|
0-0: Ball 1-0: Ball 2-0: Foul Ball, location: 2F 2-1: Foul Ball, location: 2F 2-2: Strikes out swinging
|
|
Batting: LHB Kurt Estep
|
0-0: Called Strike 0-1: Swinging Strike 0-2: Foul Ball, location: 2F 0-2: Ball 1-2: Strikes out looking
|
| Bottom of the 3rd over - 0 runs, 0 hits, 0 errors, 0 left on base; Chester 6 - London 3 |
| TOP OF THE 4TH |
|
Chester Pirates batting - Pitching for London Majors : LHP Bobby Enright
|
|
Batting: RHB Brandon White
|
0-0: Fly out, F9 (Flyball, 9S, EV 93.8 MPH)
|
|
Batting: LHB Carlos Vega
|
0-0: Ground out 4-3 (Groundball, 4, EV 101.9 MPH)
|
|
Batting: RHB Zach Chmieleski
|
0-0: Ball 1-0: Foul Ball, location: 2F 1-1: Ball 2-1: Foul Ball, location: 2F 2-2: Ball 3-2: Fly out, F8 (Line Drive, 8LD, EV 101.9 MPH)
|
| Top of the 4th over - 0 runs, 0 hits, 0 errors, 0 left on base; Chester 6 - London 3 |
| BOTTOM OF THE 4TH |
|
London Majors batting - Pitching for Chester Pirates : RHP Eric Bourque
|
|
Batting: RHB Frank Caulfield
|
0-0: Fly out, F6 (Line Drive, 6, EV 74.4 MPH)
|
|
Batting: RHB Luis Gomez
|
0-0: Ball 1-0: SINGLE (Groundball, P, EV 83.1 MPH) (infield hit)
|
|
Batting: RHB Bill Murray
|
0-0: Called Strike Luis Gomez steals 2nd base (no throw) 0-1: Ball 1-1: Ground out 6-3 (Groundball, 6S, EV 91.2 MPH) Luis Gomez to third
|
|
Batting: RHB Bobby Lasaguna
|
0-0: Called Strike 0-1: Fly out, F9 (Flyball, 9D, EV 93.8 MPH)
|
| Bottom of the 4th over - 0 runs, 1 hit, 0 errors, 1 left on base; Chester 6 - London 3 |
| TOP OF THE 5TH |
|
Chester Pirates batting - Pitching for London Majors : LHP Bobby Enright
|
|
Batting: SHB Don Hauk
|
0-0: Ball 1-0: Called Strike 1-1: Foul Ball, location: 2F 1-2: Ball 2-2: Ground out U3 (Groundball, 34S, EV 84.4 MPH)
|
|
Batting: RHB Frank Elizondo
|
0-0: Foul Ball, location: 2F 0-1: Called Strike 0-2: Strikes out swinging, 2-3 out at first.
|
|
Batting: RHB Erik Mulligan
|
0-0: Called Strike 0-1: Ball 1-1: Foul Ball, location: 2F 1-2: Fly out, F4 (Flyball, 4D, EV 81.2 MPH)
|
| Top of the 5th over - 0 runs, 0 hits, 0 errors, 0 left on base; Chester 6 - London 3 |
| BOTTOM OF THE 5TH |
|
London Majors batting - Pitching for Chester Pirates : RHP Eric Bourque
|
|
Batting: RHB Terry Plumley
|
0-0: Ball 1-0: Fly out, F6 (Line Drive, 6, EV 67.5 MPH)
|
|
Batting: RHB Bobby Roldan
|
0-0: Ball 1-0: Swinging Strike 1-1: Ball 2-1: Swinging Strike 2-2: Ball 3-2: Strikes out swinging
|
|
Batting: RHB Brock Van Gilder
|
0-0: Ball 1-0: Swinging Strike 1-1: Ball 2-1: Foul Ball, location: 2F 2-2: Ball 3-2: SINGLE (Line Drive, 89M, EV 107.5 MPH)
|
|
Batting: RHB Chris Martin
|
0-0: Fly out, F7 (Flyball, 7D, EV 101.9 MPH)
|
| Bottom of the 5th over - 0 runs, 1 hit, 0 errors, 1 left on base; Chester 6 - London 3 |
| TOP OF THE 6TH |
|
Chester Pirates batting - Pitching for London Majors : LHP Bobby Enright
|
|
Batting: LHB Chad Cutler
|
0-0: Ball 1-0: Called Strike 1-1: Swinging Strike 1-2: Ground out 3-1 (Groundball, 34, EV 84.4 MPH)
|
|
Batting: RHB Terrence Wilson
|
0-0: Ball 1-0: Swinging Strike 1-1: Ball 2-1: Foul Ball, location: 2F 2-2: Ball 3-2: Strikes out swinging
|
|
Batting: RHB Tim Moore
|
0-0: Foul Ball, location: 2F 0-1: Called Strike 0-2: Foul Ball, location: 2F 0-2: Strikes out swinging
|
| Top of the 6th over - 0 runs, 0 hits, 0 errors, 0 left on base; Chester 6 - London 3 |
| BOTTOM OF THE 6TH |
|
London Majors batting - Pitching for Chester Pirates : RHP Eric Bourque
|
|
Batting: LHB Kurt Estep
|
0-0: Called Strike 0-1: Ground out 6-3 (Groundball, 6, EV 76.9 MPH)
|
|
Batting: RHB Frank Caulfield
|
0-0: Called Strike 0-1: Foul Ball, location: 2F 0-2: Foul Ball, location: 2F 0-2: Ball 1-2: Foul Ball, location: 2F 1-2: Strikes out swinging
|
|
Batting: RHB Luis Gomez
|
0-0: Called Strike 0-1: Ball 1-1: Called Strike 1-2: Ball 2-2: Strikes out swinging
|
| Bottom of the 6th over - 0 runs, 0 hits, 0 errors, 0 left on base; Chester 6 - London 3 |
| TOP OF THE 7TH |
|
Chester Pirates batting - Pitching for London Majors : LHP Bobby Enright
|
|
Pitching: RHP Bryan Mattis
|
|
|
Batting: RHB Brandon White
|
0-0: Foul Ball, location: 2F 0-1: Called Strike 0-2: Ball 1-2: Foul Ball, location: 2F 1-2: Foul Ball, location: 2F 1-2: Ball 2-2: Strikes out looking
|
|
Batting: LHB Carlos Vega
|
0-0: Ball 1-0: Called Strike 1-1: Called Strike 1-2: Strikes out swinging
|
|
Batting: RHB Zach Chmieleski
|
0-0: Ball 1-0: Called Strike 1-1: Ball 2-1: Swinging Strike 2-2: Foul Ball, location: 2F 2-2: Ball 3-2: Base on Balls
|
|
Batting: SHB Don Hauk
|
0-0: Swinging Strike 0-1: Foul Ball, location: 2F 0-2: Strikes out swinging
|
| Top of the 7th over - 0 runs, 0 hits, 0 errors, 1 left on base; Chester 6 - London 3 |
| BOTTOM OF THE 7TH |
|
London Majors batting - Pitching for Chester Pirates : RHP Eric Bourque
|
|
Batting: RHB Bill Murray
|
0-0: Ball 1-0: Foul Ball, location: 2F 1-1: Foul Ball, location: 2F 1-2: SINGLE (Groundball, 56D, EV 97.5 MPH)
|
|
Batting: RHB Bobby Lasaguna
|
0-0: Ball 1-0: Called Strike 1-1: DOUBLE (Flyball, 8LXD, EV 105.0 MPH) Bill Murray to third
|
|
Batting: LHB Frank Nelson
|
0-0: Ball 1-0: Ball 2-0: Called Strike 2-1: Called Strike 2-2: Strikes out swinging
|
|
Pinch Hitting: LHB Lothar Middelkoop
|
0-0: Fly out, F6 (Popup, 6, EV 60.0 MPH)
|
|
Pinch Hitting: LHB Eddie Muniz
|
0-0: Called Strike 0-1: Fly out, F7 (Line Drive, 7S, EV 91.2 MPH)
|
| Bottom of the 7th over - 0 runs, 2 hits, 0 errors, 2 left on base; Chester 6 - London 3 |
| TOP OF THE 8TH |
|
Chester Pirates batting - Pitching for London Majors : RHP Bryan Mattis
|
|
Pitching: LHP Mike Hayden
|
|
|
Now at 3B: Pete Duncan
|
|
|
Now at SS: Lothar Middelkoop
|
|
|
Batting: RHB Frank Elizondo
|
0-0: Ball 1-0: SINGLE (Groundball, 56D, EV 109.4 MPH)
|
|
Batting: RHB Erik Mulligan
|
0-0: Ball 1-0: Ball 2-0: Ball 3-0: Called Strike 3-1: SINGLE (Groundball, 56D, EV 96.2 MPH) Frank Elizondo to second
|
|
Batting: LHB Chad Cutler
|
0-0: Ball 1-0: Fly out, F8 (Flyball, 8LM, EV 83.1 MPH)
|
|
Batting: RHB Terrence Wilson
|
0-0: Fielders Choice at 2nd, 1-6 (Groundball, 13, EV 68.1 MPH) Frank Elizondo to third
|
|
Batting: RHB Tim Moore
|
0-0: Ball Terrence Wilson is caught stealing 2nd base 2-4
|
| Top of the 8th over - 0 runs, 2 hits, 0 errors, 1 left on base; Chester 6 - London 3 |
| BOTTOM OF THE 8TH |
|
London Majors batting - Pitching for Chester Pirates : RHP Eric Bourque
|
|
Batting: RHB Chris Martin
|
0-0: Swinging Strike 0-1: Foul Ball, location: 2F 0-2: Ball 1-2: Ball 2-2: Foul Ball, location: 2F 2-2: Foul Ball, location: 2F 2-2: Strikes out looking
|
|
Batting: LHB Kurt Estep
|
0-0: Called Strike 0-1: Ball 1-1: Called Strike 1-2: Foul Ball, location: 2F 1-2: Ball 2-2: Ball 3-2: Base on Balls
|
|
Batting: RHB Frank Caulfield
|
0-0: Swinging Strike 0-1: Ball 1-1: Ball 2-1: Foul Ball, location: 2F 2-2: Strikes out looking
|
|
Batting: RHB Luis Gomez
|
0-0: Ball 1-0: Called Strike 1-1: Called Strike 1-2: Fly out, F9 (Line Drive, 9, EV 98.1 MPH)
|
| Bottom of the 8th over - 0 runs, 0 hits, 0 errors, 1 left on base; Chester 6 - London 3 |
| TOP OF THE 9TH |
|
Chester Pirates batting - Pitching for London Majors : LHP Mike Hayden
|
|
Batting: RHB Tim Moore
|
0-0: Ball 1-0: Foul Ball, location: 2F 1-1: Foul Ball, location: 2F 1-2: Ground out 4-3 (Groundball, 4, EV 86.9 MPH)
|
|
Batting: RHB Brandon White
|
0-0: Swinging Strike 0-1: Foul Ball, location: 2F 0-2: Ball 1-2: Strikes out swinging
|
|
Batting: LHB Carlos Vega
|
0-0: Called Strike 0-1: Swinging Strike 0-2: Ball 1-2: Ball 2-2: Strikes out swinging
|
| Top of the 9th over - 0 runs, 0 hits, 0 errors, 0 left on base; Chester 6 - London 3 |
| BOTTOM OF THE 9TH |
|
London Majors batting - Pitching for Chester Pirates : RHP Eric Bourque
|
|
Pitching: RHP Steve Kane
|
|
|
Batting: RHB Bill Murray
|
0-0: Foul Ball, location: 2F 0-1: Ball 1-1: Ball 2-1: Ground out 4-3 (Groundball, 4, EV 92.5 MPH)
|
|
Batting: RHB Bobby Lasaguna
|
0-0: Fly out, F8 (Flyball, 8LM, EV 93.8 MPH)
|
|
Batting: LHB Frank Nelson
|
0-0: Foul Ball, location: 2F 0-1: Called Strike 0-2: Ball 1-2: Strikes out swinging
|
| Bottom of the 9th over - 0 runs, 0 hits, 0 errors, 0 left on base; Chester 6 - London 3 |
|